[Event "*** Titled Tuesday Blitz"]
[Site "Chess.com"]
[Date "2018.06.05"]
[Round "6"]
[White "Mr_Penings"]
[Black "Durarbayli"]
[Result "0-1"]
[WhiteElo "2452"]
[BlackElo "2662"]
[TimeControl "180+2"]
[EndTime "14:27:51 PDT"]
[Termination "Durarbayli won by resignation"]

1. c4 c5 2. g3 Nc6 3. Bg2 g6 4. Nc3 Bg7 5. e4 d6 6. Nge2 e6 7. O-O Nge7 8. d3 O-O 9. Be3 Nd4 10. Rb1 Nec6 11. a3 a5 12. Nb5 Nxb5 13. cxb5 Nd4 14.
a4 b6 15. e5 Nxe2+ 16. Qxe2 Ra7 17. d4 Bb7 18. Bxb7 Rxb7 19. dxc5 dxc5 20. Rfd1 Rd7 21.
Rxd7 Qxd7 22. Rd1 Qc7 23. f4 Rd8 24. Rd2 Rd5 25. Qd1 Qd7 26. b3 Bf8 27. Kg2 Be7 28.
h4 h5 29. Kh3 f6 30. Qc2 Kf7 31. Rf2 Rd3 32. Bc1 Qd5 33. Kh2 Qxb3 34. Qxb3 Rxb3 35. Rd2 fxe5 36. fxe5 Ke8 37. Re2 Rb4 0-1

[Event "*** Titled Tuesday Blitz"]
[Site "Chess.com"]
[Date "2018.06.05"]
[Round "6"]
[White "Godzillator"]
[Black "Chiinaldo"]
[Result "1-0"]
[WhiteElo "2263"]
[BlackElo "2197"]
[TimeControl "180+2"]
[EndTime "14:27:53 PDT"]
[Termination "Godzillator won on time"]

1. d4 d5 2. c4 c6 3. cxd5 cxd5 4. Bf4 Nc6 5. e3 Nf6 6. Nc3 Bf5 7. Qb3 Na5 8. Qa4+ Bd7 9. Qc2 e6 10. Bd3 Rc8 11. Nf3 Bb4 12. O-O O-O 13. h3 h6 14.
Rfc1 Nc4 15. Ne5 b5 16. Qb3 a5 17. Nxd7 Qxd7 18. a4 Nd2 19. Qd1 Bxc3 20. Bxb5 Qe7 21.
Rxc3 Rxc3 22. bxc3 Nc4 23. Bxc4 dxc4 24. Qb1 Nd5 25.
Qb5 Nxf4 26. exf4 Qc7 27. Rb1 Rd8 28. Qb6 Qxb6 29. Rxb6 Rc8 30. Rb5 Ra8 31. Rc5 Rb8 32.
Rxc4 Rb1+ 33. Kh2 Ra1 34. Kg3 Kh7 35. Kf3 Kg6 36. g4 Kf6 37. h4 Ke7 38. g5 h5 39.
Rc7+ Ke8 40. Rc4 Kd7 41. Ke4 Kd6 42. f5 Re1+ 43. Kf3 exf5 44. Rc5 Rc1 45. Ke3 g6 46. Kd2 Rf1 47. Ke2 Rc1 48. f4 1-0

[Event "*** Titled Tuesday Blitz"]
[Site "Chess.com"]
[Date "2018.06.05"]
[Round "6"]
[White "Angry_Serb"]
[Black "JosefineHeinemann"]
[Result "0-1"]
[WhiteElo "2452"]
[BlackElo "2316"]
[TimeControl "180+2"]
[EndTime "14:27:55 PDT"]
[Termination "JosefineHeinemann won by resignation"]

1. e4 e5 2. Nf3 Nc6 3. Nc3 Nf6 4. Be2 Bc5 5. Nxe5 Nxe5 6. d4 Bd6 7. dxe5 Bxe5 8. Nb5 a6 9. f4 Bxf4 10. Bxf4 axb5 11.
e5 Ng8 12. Bxb5 Ne7 13. O-O O-O 14. Bg5 c6 15. Bd3 Qb6+ 16. Kh1 Ng6 17. Bxg6 hxg6 18. Qd6 Qxb2 19. a4 Qxc2 20. a5 Qc4 21. Rf4 Qc3 22. Rfa4 Re8 23. Be7 Qb3 24. Rh4 Rxa5 25. Rf1 Rd5 26.
Qc7 Qb5 27. Rhf4 Rxe5 28. Bb4 Rf5 29. h3 Rxf4 30. Qxf4 Qf5 31. Qc1 Qe6 32. Bc3 d5 33. Qb2 Qe2 34. Qa1 Qh5 35. Rf3 c5 36. Bxg7 d4 37. Bf6 Qd5 38. Qf1 Re6 39. Rf4 Qd6 40. Qf3 d3 41. Bc3 Re7 42. Bd2 Bf5 43. Qf2 Re2 44. Qg3 Rxd2 45. Qg5 Rd1+ 46. Kh2 Rf1 47. g3 Rxf4 48. gxf4 d2 0-1

[Event "*** Titled Tuesday Blitz"]
[Site "Chess.com"]
[Date "2018.06.05"]
[Round "6"]
[White "WPWPWP-2015"]
[Black "EndgameGrinder"]
[Result "0-1"]
[WhiteElo "2299"]
[BlackElo "2522"]
[TimeControl "180+2"]
[EndTime "14:27:56 PDT"]
[Termination "EndgameGrinder won by resignation"]

1. e4 c5 2. Nf3 e6 3. b3 b6 4. Bb2 Bb7 5. Qe2 Nc6 6. d4 cxd4 7.
Nxd4 Qf6 8. c3 Nxd4 9. cxd4 Bb4+ 10. Nd2 Bxd2+ 11. Qxd2 Bxe4 12. d5 Qg6 13. dxe6 fxe6 14.
f3 Bd5 15. Bd3 Qf7 16. O-O Ne7 17. Rac1 O-O 18. Rc7 Bc6 19. Qc2 h6 20. Ba3 Rfd8 21. Be4 Nd5 22. Bxd5 Bxd5 23. Rc3 Qe8 24. Bd6 Rdc8 25.
Rc1 Rc6 26. Rxc6 Bxc6 27. Be5 Qf7 28. Qc3 Qg6 29. Rd1 Rf8 30. Rd3 Rf5 31. Qd4 Rxe5 32. Kf2 Rd5 0-1

[Event "*** Titled Tuesday Blitz"]
[Site "Chess.com"]
[Date "2018.06.05"]
[Round "6"]
[White "lupta_robin"]
[Black "Manukyan_Artak"]
[Result "1-0"]
[WhiteElo "2450"]
[BlackElo "2350"]
[TimeControl "180+2"]
[EndTime "14:27:58 PDT"]
[Termination "lupta_robin won by resignation"]

1. e4 c6 2. d4 d5 3. Nc3 dxe4 4. Nxe4 Nf6 5. Nxf6+ exf6 6. Nf3 Bd6 7. Be2 O-O 8. O-O Bg4 9. h3 Bh5 10. Nh4 Bg6 11.
Bf3 Nd7 12. c4 Re8 13. Qb3 Qc7 14. Nxg6 hxg6 15. c5 Bf8 16. g3 b6 17. Bf4 Qc8 18. cxb6 Nxb6 19. Rac1 Qxh3 20. Bxc6 g5 21. Bc7 f5 22.
Bxe8 Rxe8 23. Rfe1 Rxe1+ 24. Rxe1 f4 25. gxf4 Qh5 26.
Bxb6 axb6 27. fxg5 Qxg5+ 28. Qg3 Qd5 29. Rd1 Qxa2 30.
d5 Qa4 31. Rd3 Qd7 32. d6 g6 33. Qf4 b5 34. Qe5 Qg4+ 35. Kf1 Qc4 36. Qd5 Qc1+ 37. Rd1 Qxb2 38. d7 Be7 39. d8=Q+ Bxd8 40. Qxd8+ Kg7 41. Qd4+ Qxd4 42. Rxd4 1-0

[Event "*** Titled Tuesday Blitz"]
[Site "Chess.com"]
[Date "2018.06.05"]
[Round "6"]
[White "AndreyOstrovskiy"]
[Black "Last7Samurai"]
[Result "1-0"]
[WhiteElo "2677"]
[BlackElo "2699"]
[TimeControl "180+2"]
[EndTime "14:28:00 PDT"]
[Termination "AndreyOstrovskiy won by resignation"]

1. e4 e6 2. d4 d5 3. Nc3 Nf6 4. e5 Nfd7 5. f4 c5 6. Nf3 Nc6 7. Be3 Be7 8. Qd2 O-O 9. dxc5 Nxc5 10. O-O-O a6 11. Kb1 b5 12. Qf2 Na4 13. Ne2 Rb8 14.
Ned4 Nxd4 15. Nxd4 f5 16. Nc6 Qc7 17. Nxb8 Qxb8 18.
Bd3 b4 19. Ka1 Bd7 20. Bd4 a5 21. h3 Rc8 22. g4 Bc5 23. gxf5 exf5 24. Rhg1 Qa7 25.
Bxc5 Nxc5 26. Qg2 Be6 27. Qg5 Nxd3 28. cxd3 a4 29. Rc1 Re8 30. Rc5 a3 31. b3 Re7 32.
d4 Re8 33. h4 Qf7 34. h5 Bc8 35. Rgc1 Bd7 36. Rc7 Qe6 37. h6 g6 38. Qf6 Qxf6 39.
exf6 Be6 40. Rg7+ Kh8 41. Rcc7 Bd7 42. Re7 1-0

[Event "*** Titled Tuesday Blitz"]
[Site "Chess.com"]
[Date "2018.06.05"]
[Round "6"]
[White "petrpalachev"]
[Black "Parhamov"]
[Result "1-0"]
[WhiteElo "2708"]
[BlackElo "2820"]
[TimeControl "180+2"]
[EndTime "14:28:05 PDT"]
[Termination "petrpalachev won by resignation"]

1. d4 Nf6 2. c4 e6 3. Nf3 d5 4. Nc3 Nbd7 5. Bf4 c6 6. e3 Be7 7.
h3 O-O 8. c5 b6 9. b4 a5 10. a3 Ne4 11. Nxe4 dxe4 12. Ne5 Nxe5 13. Bxe5 f6 14. Bg3 Ba6 15. Bxa6 Rxa6 16. O-O b5 17. a4 axb4 18. axb5 Rxa1 19. Qxa1 cxb5 20. Rb1 e5 21. Rxb4 exd4 22. exd4 f5 23. Qa2+ Kh8 24.
Be5 Bf6 25. Qe6 Qa5 26. Rb1 h6 27. Qxf5 Qa2 28. Qxe4 Bxe5 29. dxe5 Qxf2+ 30. Kh1 Qxc5 31. e6 Re8 32. Qg6 Qc6 33. Re1 b4 34. Qb1 Qb7 35.
Qb3 Qe7 36. Re4 Rb8 37. h4 Kg8 38. g3 Kh8 39. Kh2 Rb5 40. Rd4 Rb7 41. Kh3 Rb6 42. Re4 Qb7 43. Qe3 Qa8 44. e7 Qc8+ 45. g4 Kh7 46.
e8=Q Qc2 47. Rd4 Rg6 48. Q8e4 Qd1 49. h5 Qf1+ 50. Kg3 Kh8 51. Qe8+ 1-0

[Event "*** Titled Tuesday Blitz"]
[Site "Chess.com"]
[Date "2018.06.05"]
[Round "6"]
[White "Oleksandr_Bortnyk"]
[Black "AlexanderL"]
[Result "0-1"]
[WhiteElo "2787"]
[BlackElo "2737"]
[TimeControl "180+2"]
[EndTime "14:28:05 PDT"]
[Termination "AlexanderL won on time"]

1. d4 e6 2. Nc3 d5 3. Bf4 Bd6 4.
e3 Ne7 5. Bd3 O-O 6. Qh5 Ng6 7.
Nf3 Nd7 8. Bxd6 cxd6 9. h4 Nf6 10. Qg5 h6 11. Qg3 Ne7 12. h5 b6 13. O-O-O Bb7 14. Qh4 Rc8 15. g4 Ne4 16. Bxe4 dxe4 17. Nd2 Nd5 18.
Qxd8 Rfxd8 19. Nxd5 Bxd5 20. b3 b5 21. a3 Rc7 22.
Kb2 Rdc8 23. Rc1 f5 24. Rhg1 Rf8 25. c4 bxc4 26. bxc4 Bb7 27. g5 hxg5 28. Rxg5 Kh7 29. Rg6 Rf6 30. Rxf6 gxf6 31. c5 dxc5 32. Rxc5 Rg7 33.
Nc4 Bd5 34. Nd6 Rg2 35. Ne8 Rxf2+ 36. Kc3 Kh6 37. Nxf6 Re2 38. Nxd5 exd5 39. Rxd5 Rxe3+ 40. Kc4 Rf3 41. Re5 Kxh5 42. d5 Kg5 43. d6 Rd3 44. Rd5 Kf6 45. Rb5 Rxd6 0-1

[Event "*** Titled Tuesday Blitz"]
[Site "Chess.com"]
[Date "2018.06.05"]
[Round "6"]
[White "Litti"]
[Black "dmosesov"]
[Result "1-0"]
[WhiteElo "2323"]
[BlackElo "2195"]
[TimeControl "180+2"]
[EndTime "14:28:06 PDT"]
[Termination "Litti won on time"]

1. e4 c5 2. Nf3 e6 3. d4 cxd4 4. Nxd4 Nf6 5. Nc3 d6 6. Be2 Be7 7. O-O O-O 8. Kh1 a6 9. a4 Qc7 10. f4 Nc6 11. Be3 Bd7 12. Bg1 Rfd8 13. Qe1 Nxd4 14.
Bxd4 Bc6 15. Qg3 d5 16. Be5 Qa5 17. f5 Rf8 18. Bc7 Qb4 19. e5 Ne4 20. Nxe4 Qxe4 21. f6 Qg6 22. fxe7 Rfe8 23. Qxg6 hxg6 24. Bd6 Rac8 25.
c3 d4 26. cxd4 Bd5 27. Bf3 Rc2 28. Bxd5 exd5 29. b4 f6 30. exf6 gxf6 31. Rxf6 Kg7 32. Rf8 Rec8 33. Be5+ 1-0

[Event "*** Titled Tuesday Blitz"]
[Site "Chess.com"]
[Date "2018.06.05"]
[Round "6"]
[White "maximlavrov"]
[Black "chessdude"]
[Result "1-0"]
[WhiteElo "2481"]
[BlackElo "2466"]
[TimeControl "180+2"]
[EndTime "14:28:09 PDT"]
[Termination "maximlavrov won by resignation"]

1. g3 c5 2. Nf3 Nc6 3. Bg2 e5 4.
O-O d5 5. c4 d4 6. e3 Nf6 7. exd4 exd4 8. d3 Be7 9. Re1 O-O 10. Bf4 Bd6 11. Ne5 Bxe5 12. Bxe5 Ng4 13. Bf4 g5 14. Bc1 Qf6 15. Qe2 Bd7 16. Nd2 Rae8 17.
Ne4 Qg6 18. Qf1 Nb4 19. Nxc5 Bc6 20. Bd2 Nc2 21. Rxe8 Rxe8 22. Rc1 Bxg2 23. Qxg2 Re2 24. Rxc2 Qf5 25. Ne4 Ne3 26. g4 Qg6 27. Qf3 Nxc2 28. Qxe2 f5 29. gxf5 Qxf5 30. Bxg5 Nb4 31. a3 Nc6 32.
Kg2 Ne5 33. Bh4 Kg7 34. Bg3 Ng6 35. Nd6 Kh6 36. Nxf5+ 1-0

[Event "*** Titled Tuesday Blitz"]
[Site "Chess.com"]
[Date "2018.06.05"]
[Round "6"]
[White "Galileo22"]
[Black "julinha97"]
[Result "1-0"]
[WhiteElo "2351"]
[BlackElo "2204"]
[TimeControl "180+2"]
[EndTime "14:28:12 PDT"]
[Termination "Galileo22 won by checkmate"]

1. Nf3 Nf6 2. g3 g6 3. Bg2 Bg7 4. O-O O-O 5. d3 d6 6. e4 e5 7.
Nbd2 Nc6 8. a4 h6 9. c3 Re8 10.
Re1 Bd7 11. a5 a6 12. Nc4 Be6 13. Qc2 Bxc4 14. dxc4 Qe7 15. Be3 Ng4 16. Bd2 Nb8 17. Rad1 Nd7 18. Bc1 b6 19. axb6 Nxb6 20. Bf1 Qe6 21. h3 Nf6 22. Nd2 h5 23. h4 Bh6 24.
Qd3 Nfd7 25. Qe2 a5 26. Kh2 Nc5 27. Bh3 Qe7 28. Nf1 Bxc1 29. Rxc1 a4 30. f3 f6 31. Ne3 c6 32. Red1 Red8 33. Ra1 Nb7 34. Rg1 Na5 35. Raf1 Qf7 36. g4 hxg4 37. Nxg4 Kh7 38. f4 Qxc4 39. Qf3 Rf8 40. f5 gxf5 41. Qxf5+ Kh8 42. Qh5+ Kg7 43.
Nxf6# 1-0

[Event "*** Titled Tuesday Blitz"]
[Site "Chess.com"]
[Date "2018.06.05"]
[Round "6"]
[White "Jahonas"]
[Black "Martins-BR"]
[Result "0-1"]
[WhiteElo "2242"]
[BlackElo "2319"]
[TimeControl "180+2"]
[EndTime "14:28:12 PDT"]
[Termination "Martins-BR won by resignation"]

1. d4 f5 2. Nf3 Nf6 3. c4 g6 4. Nc3 Bg7 5. Bg5 d6 6. Qd2 h6 7. Bxf6 Bxf6 8. e4 Bg7 9. O-O-O O-O 10. e5 e6 11. exd6 cxd6 12. h4 Nc6 13. d5 exd5 14.
Nxd5 Be6 15. Kb1 Bf7 16. g3 Rb8 17. Bg2 b5 18. c5 dxc5 19. h5 Nd4 20. Nxd4 Bxd5 21.
Bxd5+ Qxd5 22. Ne2 Qe4+ 23. Ka1 g5 24. Nc3 Qf3 25.
Rhe1 Qxh5 26. Re7 Qg6 27. Qd5+ Kh8 28. Qxc5 b4 29. Nd5 Rfc8 30. Rc7 Rd8 31. Re1 Re8 32. Ne7 Qf6 33. Qc2 b3 34. axb3 f4 35. Ng6+ Kg8 36.
Rxe8+ Rxe8 37. Qc4+ Kh7 38. Qc2 Qxg6 39. Qxg6+ Kxg6 40. gxf4 gxf4 41. Rxa7 Re2 0-1

[Event "*** Titled Tuesday Blitz"]
[Site "Chess.com"]
[Date "2018.06.05"]
[Round "6"]
[White "BillieKimbah"]
[Black "igorkovalenko"]
[Result "1-0"]
[WhiteElo "2791"]
[BlackElo "2840"]
[TimeControl "180+2"]
[EndTime "14:28:13 PDT"]
[Termination "BillieKimbah won by checkmate"]

1. Nf3 d5 2. g3 c6 3. Bg2 Bg4 4. O-O e6 5. h3 Bxf3 6. Bxf3 Nd7 7. d4 h5 8. c4 f5 9. Nc3 h4 10. g4 g6 11. cxd5 exd5 12. Bf4 Ngf6 13. e3 Kf7 14.
Qc2 fxg4 15. hxg4 Nb6 16. e4 Qd7 17. Be5 Bg7 18. Rae1 Rae8 19. Qe2 h3 20. g5 Nxe4 21. Bxe4 dxe4 22. Nxe4 Nc8 23. f4 h2+ 24. Kh1 Qd5 25. f5 Bxe5 26. dxe5 Ne7 27. fxg6+ Kg7 28. Rf7+ Kxg6 29.
Ref1 Ng8 30. Qf3 Rxe5 31. Rf4 Rh5 32. Qg4 Rhxg5 33. Qf3 Rh5 34. Rg4+ Kh7 35. Qf8 Ref5 36. Qg7# 1-0

[Event "*** Titled Tuesday Blitz"]
[Site "Chess.com"]
[Date "2018.06.05"]
[Round "6"]
[White "akashcheck"]
[Black "Velis23"]
[Result "1-0"]
[WhiteElo "2176"]
[BlackElo "2241"]
[TimeControl "180+2"]
[EndTime "14:28:16 PDT"]
[Termination "akashcheck won by resignation"]

1. e4 Nc6 2. Nf3 d6 3. Nc3 Nf6 4. d4 Bg4 5. Be2 e6 6. Be3 d5 7. e5 Nd7 8. O-O Ne7 9. h3 Bxf3 10. Bxf3 Nf5 11. Ne2 Nh4 12. Ng3 Nxf3+ 13. Qxf3 c5 14. c3 cxd4 15. cxd4 g6 16. Qe2 Bg7 17. Rac1 O-O 18.
Rc3 Rc8 19. Rfc1 Rxc3 20. Rxc3 Qa5 21. Ra3 Qb6 22. Rb3 Qc7 23. Rc3 Qb8 24. Qc2 Nb6 25. b3 Rc8 26. Ne2 Bf8 27. Bd2 Rxc3 28. Qxc3 Qc8 29.
Kf1 Qd7 30. a4 a6 31. Qa5 Nc8 32. Bb4 Bxb4 33. Qxb4 Na7 34. Qc5 Nc6 35. Ke1 Qd8 36.
g3 h5 37. h4 Kg7 38. b4 a5 39. b5 Nb4 40. Kf1 b6 41. Qc3 Qe7 42. Nc1 f6 43. exf6+ Kxf6 44. Qe3 Qc7 45. Ne2 Qc4 46. Kg2 Nc2 47.
Qe5+ Kf7 48. Qf4+ Ke8 49. Qb8+ Kd7 50. Nf4 Nxd4 51. Qxb6 Qc7 52. Qxd4 Qc4 53. Qxc4 dxc4 54. Ne2 Kd6 55. Kf3 Kc5 56. Ke4 1-0

[Event "*** Titled Tuesday Blitz"]
[Site "Chess.com"]
[Date "2018.06.05"]
[Round "6"]
[White "VeraNebolsina"]
[Black "RichardABates"]
[Result "0-1"]
[WhiteElo "2336"]
[BlackElo "2354"]
[TimeControl "180+2"]
[EndTime "14:28:17 PDT"]
[Termination "RichardABates won on time"]

1. e4 c5 2. c3 e6 3. Nf3 Nf6 4. e5 Nd5 5. g3 d6 6. exd6 Bxd6 7. Bg2 O-O 8. O-O Nc6 9. d4 cxd4 10.
Nxd4 Nxd4 11. Qxd4 Qc7 12. c4 Nb4 13. Nc3 Nc2 14.
Qd3 Nxa1 15. Nb5 Qd8 16. Nxd6 Nc2 17. Rd1 Nb4 18. Qb3 Na6 19. Be3 Qe7 20. c5 Rb8 21.
Qc3 Nc7 22. b4 Nd5 23. Bxd5 exd5 24. Rxd5 Be6 25. Re5 b6 26. Nf5 Qf6 27. Nh6+ Kh8 28. g4 bxc5 29. g5 Qf3 30. Qxc5 Bh3 31. Qd5 Qxd5 32.
Rxd5 gxh6 33. Bd4+ Kg8 34. gxh6 f6 35. Bc5 Rfd8 36.
Bd6 Rxb4 0-1

[Event "*** Titled Tuesday Blitz"]
[Site "Chess.com"]
[Date "2018.06.05"]
[Round "6"]
[White "Paralinch"]
[Black "Matibar"]
[Result "1-0"]
[WhiteElo "2843"]
[BlackElo "2706"]
[TimeControl "180+2"]
[EndTime "14:28:19 PDT"]
[Termination "Paralinch won by resignation"]

1. e4 e6 2. d4 d5 3. exd5 exd5 4. Nf3 Nf6 5. Bd3 Bd6 6. Qe2+ Qe7 7. Qxe7+ Bxe7 8.
Bf4 c6 9. Nbd2 Be6 10. O-O-O h6 11. Rde1 Nbd7 12. h3 O-O-O 13. g4 Rde8 14. Bg3 Bd8 15. Nh4 Nb6 16. Nf5 Bxf5 17. Bxf5+ Nfd7 18. Re3 g6 19. Bd3 Bc7 20. Bxc7 Kxc7 21. Rf3 Re7 22. h4 Rhe8 23. c3 Nc8 24. g5 h5 25. Kc2 Nd6 26. Rf4 Re1 27. Rxe1 Rxe1 28. b3 Rh1 29. c4 b6 30. b4 dxc4 31. Nxc4 Nb5 32. a4 Nd6 33. Nxd6 Kxd6 34. Rxf7 Rxh4 35. Bxg6 Rxd4 36. f4 Rxb4 37. Bf5 Nc5 38. g6 Rxf4 39. g7 Rf2+ 40.
Kd1 Rg2 41. Rf6+ Ke7 42. Rg6 Rxg6 43. Bxg6 Nxa4 44. g8=Q Kd6 45. Qf8+ Kd5 46. Bxh5 Nc3+ 47. Kc2 Nb5 48. Bf3+ Kc4 49. Be2+ 1-0

[Event "*** Titled Tuesday Blitz"]
[Site "Chess.com"]
[Date "2018.06.05"]
[Round "6"]
[White "Usurpov"]
[Black "VovenRogel"]
[Result "0-1"]
[WhiteElo "2428"]
[BlackElo "2628"]
[TimeControl "180+2"]
[EndTime "14:28:19 PDT"]
[Termination "VovenRogel won on time"]

1. e4 c6 2. d4 d5 3. Nc3 dxe4 4. Nxe4 Bf5 5. Ng3 Bg6 6. h4 h6 7. h5 Bh7 8. Nf3 e6 9. Bd3 Bxd3 10. Qxd3 Nf6 11. Bd2 c5 12. O-O-O Nc6 13. Bc3 Qd5 14. Kb1 c4 15. Qe2 Be7 16. Ne5 b5 17. Nxc6 Qxc6 18. d5 Nxd5 19. Bxg7 Rh7 20. Bd4 O-O-O 21. Ne4 Kb7 22.
g3 b4 23. Nd2 c3 24. Nc4 Ka8 25. b3 Rc8 26. Rhe1 Kb8 27. Be5+ Ka8 28. Bd4 Bc5 29. Qe4 Bxd4 30. Rxd4 Rg7 31. Ne5 Qb7 32. Red1 Rg5 33. Nc4 Qc6 34. f4 Rxg3 35. Na5 Qb6 36. Rxd5 exd5 37. Rxd5 Qc6 38. a4 Re3 39. Qd4 Re1+ 40.
Ka2 Qb6 41. Qd3 Qg1 0-1

[Event "*** Titled Tuesday Blitz"]
[Site "Chess.com"]
[Date "2018.06.05"]
[Round "6"]
[White "Gr3egor"]
[Black "nOcHeaTiNgKiD"]
[Result "0-1"]
[WhiteElo "2346"]
[BlackElo "2342"]
[TimeControl "180+2"]
[EndTime "14:28:20 PDT"]
[Termination "nOcHeaTiNgKiD won on time"]

1. d4 Nf6 2. c4 e6 3. Nc3 Bb4 4. Qc2 d5 5. Bg5 h6 6. Bxf6 Qxf6 7. e3 O-O 8. Nf3 dxc4 9. Bxc4 Nd7 10. O-O Bxc3 11. bxc3 b6 12. Bd3 Bb7 13. Bh7+ Kh8 14. Be4 Bxe4 15. Qxe4 c5 16. Rac1 Qe7 17. d5 Nf6 18.
Qe5 Nxd5 19. Rfd1 Qf6 20. Qxf6 Nxf6 21. Ne5 Kg8 22. f3 Rfd8 23. e4 Kf8 24. Kf2 Rac8 25.
Ke3 g6 26. c4 Ke8 27. g4 Nd7 28. Nd3 Ke7 29. e5 Nb8 30. Nf2 Nc6 31. f4 Rd4 32. Ne4 Rcd8 33. Nd6 f6 34. Rxd4 Nxd4 35. Ke4 g5 36.
fxg5 fxe5 37. gxh6 Rxd6 38. Rf1 Rd8 39. Kxe5 Nc6+ 40.
Ke4 Rd4+ 41. Kf3 Ne5+ 42. Kg3 Rxg4+ 43. Kh3 Rg6 0-1

[Event "*** Titled Tuesday Blitz"]
[Site "Chess.com"]
[Date "2018.06.05"]
[Round "6"]
[White "EmreDedebas"]
[Black "Fighterman91"]
[Result "0-1"]
[WhiteElo "2394"]
[BlackElo "2597"]
[TimeControl "180+2"]
[EndTime "14:28:21 PDT"]
[Termination "Fighterman91 won by resignation"]

1. d4 Nf6 2. c4 g6 3. Nc3 d5 4. cxd5 Nxd5 5. Bd2 Bg7 6. e4 Nxc3 7. Bxc3 O-O 8. Nf3 b6 9. Be2 Bb7 10. Qc2 Nd7 11. O-O e6 12. Rfd1 Qe7 13. Rac1 c5 14. d5 exd5 15. exd5 Qd6 16. Bc4 Rae8 17. Bxg7 Kxg7 18.
Qc3+ Nf6 19. a4 a6 20. h3 Re7 21. Re1 Rfe8 22. Rxe7 Rxe7 23. Rd1 Kg8 24. Qd3 a5 25. b3 Bc8 26. Qd2 Kg7 27. Ne1 Ne4 28. Qb2+ Qf6 29. Qxf6+ Kxf6 30. Nc2 Nd6 31. Ne3 h5 32. Kf1 Re4 33.
Ke2 Bd7 34. Rb1 Ke7 35. Kf3 Rd4 36. Ke2 f5 37. g3 f4 38. gxf4 Rxf4 39. Rg1 Kf6 40.
Rg3 Ne4 41. Rf3 Nc3+ 0-1

[Event "*** Titled Tuesday Blitz"]
[Site "Chess.com"]
[Date "2018.06.05"]
[Round "6"]
[White "sari07"]
[Black "chesstatour"]
[Result "0-1"]
[WhiteElo "2151"]
[BlackElo "2055"]
[TimeControl "180+2"]
[EndTime "14:28:23 PDT"]
[Termination "chesstatour won by resignation"]

1. d4 f5 2. e4 fxe4 3. Nc3 Nf6 4. Bg5 Nc6 5. Qd2 d5 6. O-O-O Bf5 7. f3 Qd7 8. Bxf6 exf6 9. fxe4 dxe4 10. Kb1 O-O-O 11.
d5 Ne5 12. Qd4 Kb8 13. Nxe4 Bxe4 14. Qxe4 Bc5 15. Nf3 Nxf3 16. Qxf3 Rhf8 17. g3 Rde8 18. Bd3 g6 19. Rhe1 f5 20. h3 Bb4 21. c3 Bd6 22. g4 fxg4 23. Rxe8+ Rxe8 24. hxg4 Rf8 25. Qh3 h5 26. Bxg6 hxg4 27. Qg2 Rg8 28. Be4 g3 29.
Rf1 Qg4 30. Bf5 Qh4 31. Be6 Rd8 32. Rf7 Qh2 33. Qxh2 gxh2 34. Rh7 Rf8 35. Kc2 a6 36. Bf7 Rxf7 37. Rxf7 h1=Q 0-1

[Event "*** Titled Tuesday Blitz"]
[Site "Chess.com"]
[Date "2018.06.05"]
[Round "6"]
[White "Firouzja2003"]
[Black "Rakhmanov_Aleksandr"]
[Result "1/2-1/2"]
[WhiteElo "2935"]
[BlackElo "2709"]
[TimeControl "180+2"]
[EndTime "14:28:26 PDT"]
[Termination "Game drawn by repetition"]

1. e4 c5 2. Nf3 Nf6 3. e5 Nd5 4. Nc3 Nxc3 5. dxc3 Nc6 6. Bc4 e6 7. Bf4 Qb6 8. Qc1 h6 9. O-O Qc7 10. Re1 b6 11. Qd2 Bb7 12. Rad1 O-O-O 13. h4 Be7 14. Qe3 g5 15. hxg5 hxg5 16. Nxg5 Rdg8 17. Bf1 Rh5 18. Nxf7 Rg7 19. Nh6 Qd8 20. f3 c4 21.
Ng4 Bc5 22. Rd4 Qh4 23. Red1 Bxd4 24. cxd4 Ne7 25. Qa3 Nd5 26. Qf8+ Kc7 27. Qd6+ Kc8 28. Qf8+ Kc7 29. Qd6+ Kc8 30. Qf8+ Kc7 31. Qd6+ Kc8 32. Qf8+ Kc7 33. Qd6+ Kc8 34. Qf8+ 1/2-1/2

[Event "*** Titled Tuesday Blitz"]
[Site "Chess.com"]
[Date "2018.06.05"]
[Round "6"]
[White "ChessWarrior7197"]
[Black "AlexanderKing"]
[Result "1-0"]
[WhiteElo "2680"]
[BlackElo "2465"]
[TimeControl "180+2"]
[EndTime "14:28:30 PDT"]
[Termination "ChessWarrior7197 won by resignation"]

1. e4 e6 2. d4 d5 3. Nd2 c5 4.
Ngf3 Nc6 5. exd5 exd5 6. Be2 Nf6 7. O-O cxd4 8. Nb3 Bd6 9. Nbxd4 O-O 10. Bg5 Re8 11.
Bh4 a6 12. c3 Bg4 13. Re1 Bc7 14. Bg3 Bxg3 15. hxg3 Ne4 16. Qb3 Qd7 17. Rad1 Nc5 18.
Qc2 h6 19. Nb3 Nxb3 20. Qxb3 Rad8 21. Kf1 Bxf3 22. Bxf3 Rxe1+ 23. Rxe1 d4 24. Bxc6 Qxc6 25. cxd4 Rxd4 26. Kg1 Qd5 27. Qc2 Qd7 28. Re2 Rd1+ 29. Kh2 Rd5 30. a3 h5 31. f3 Rd6 32. Qc5 h4 33. gxh4 Rh6 34. Re4 Qd8 35. Qe7 Qxe7 36. Rxe7 Rxh4+ 37. Kg3 Rh6 38. Rxb7 Rc6 39. a4 Rc2 40. a5 g6 41. b4 Rb2 42. Rb6 Kg7 43.
Kf4 Rxg2 44. Rxa6 g5+ 45. Ke3 Rg3 46. Kf2 Rh3 47. Rb6 f5 48. a6 Rh8 49. a7 Ra8 50.
Ra6 Kf7 51. b5 Ke7 52. b6 1-0

[Event "*** Titled Tuesday Blitz"]
[Site "Chess.com"]
[Date "2018.06.05"]
[Round "6"]
[White "chessking2151"]
[Black "Aryangholami"]
[Result "1-0"]
[WhiteElo "2442"]
[BlackElo "2532"]
[TimeControl "180+2"]
[EndTime "14:28:30 PDT"]
[Termination "chessking2151 won by resignation"]

1. d4 Nf6 2. Nf3 e6 3. Bf4 c5 4. e3 Qb6 5. Nc3 cxd4 6. exd4 Qxb2 7. Nb5 Nd5 8. Bd2 a5 9. Bc4 Nb4 10. Rb1 Qxc2 11. Bxb4 Bxb4+ 12. Rxb4 Qxd1+ 13. Kxd1 axb4 14. Nc7+ Ke7 15. Nxa8 d5 16. Bd3 Bd7 17. Nb6 Bc6 18.
Ne5 Be8 19. Nc8+ Kf8 20. Nd6 f6 21. Nf3 Bc6 22. Re1 Ke7 23. Nf5+ Kf7 24. Ne3 Nd7 25. Nc2 Ba4 26. Kd2 Bxc2 27. Bxc2 Nb6 28. Bb3 Nc4+ 29. Bxc4 dxc4 30. Rb1 Ra8 31. Rxb4 Rxa2+ 32. Ke3 Ra3+ 33.
Kf4 Ra2 34. Kg3 c3 35. Rxb7+ Kg6 36. Rc7 Ra3 37. h4 Kf5 38. Ne1 Ke4 39. f3+ Kd5 40.
Nc2 Rb3 41. Rc5+ Kd6 42. Ne3 h6 43. h5 e5 44. Nf5+ Ke6 45. Nxg7+ Kd6 46. Nf5+ Ke6 47. Kg4 Rb4 48. Rxc3 exd4 49. Rd3 Ke5 50. Rxd4 Rb2 51. Re4+ Kd5 52. Ne3+ Kc6 53. Kf5 Rb5+ 54. Kg6 Rg5+ 55. Kxh6 Kd6 56. g4 Ra5 57. Nf5+ Kd7 58. Kg6 Ra8 59.
h6 1-0

[Event "*** Titled Tuesday Blitz"]
[Site "Chess.com"]
[Date "2018.06.05"]
[Round "6"]
[White "sere99"]
[Black "MishkaFighter"]
[Result "1-0"]
[WhiteElo "2263"]
[BlackElo "2093"]
[TimeControl "180+2"]
[EndTime "14:28:34 PDT"]
[Termination "sere99 won by resignation"]

1. d4 Nf6 2. c4 c5 3. d5 e6 4. Nc3 exd5 5. cxd5 d6 6. Nf3 g6 7. Qa4+ Nbd7 8. Bf4 Be7 9. e4 O-O 10. Be2 a6 11.
O-O b5 12. Qc2 b4 13. Nd1 Re8 14. Nd2 Nb6 15. Ne3 Bb7 16. h3 Rc8 17. Nec4 Nxc4 18. Nxc4 Bf8 19. Bd3 a5 20. Rfe1 Ba6 21. Rad1 Bxc4 22.
Bxc4 Nd7 23. Bh2 Qb6 24. f4 Bg7 25. Kh1 Rcd8 26. Re2 Re7 27. Rde1 Rde8 28. b3 Bc3 29. Rf1 Nf6 30. Bd3 a4 31. Bg3 Nh5 32. Bh4 Bf6 33.
Bxf6 Nxf6 34. g4 Qb7 35. Rfe1 Nd7 36. h4 axb3 37. axb3 Qc7 38. Kh2 Qd8 39. Kg3 Nb6 40. Rh1 c4 41. bxc4 Qc7 42. g5 Qc5 43. Rb1 Rc7 44.
Qb2 Nxc4 45. Qxb4 Qd4 46. Rd1 Nb6 47. Qxd4 1-0

[Event "*** Titled Tuesday Blitz"]
[Site "Chess.com"]
[Date "2018.06.05"]
[Round "6"]
[White "dalmatinac101"]
[Black "Grandelicious"]
[Result "0-1"]
[WhiteElo "2710"]
[BlackElo "2653"]
[TimeControl "180+2"]
[EndTime "14:28:37 PDT"]
[Termination "Grandelicious won by resignation"]

1. e4 c5 2. Nf3 Nf6 3. Nc3 d6 4. d4 cxd4 5. Nxd4 g6 6. f3 a6 7. Be3 b5 8. g4 Bb7 9. Qd2 h5 10.
g5 Nfd7 11. O-O-O Nc6 12. Kb1 Rc8 13. Nxc6 Bxc6 14. f4 Bg7 15. Bh3 O-O 16. Nd5 e6 17. Bd4 Bxd4 18. Qxd4 exd5 19. exd5 Bb7 20. f5 Rc4 21.
Qd2 Ne5 22. b3 Rh4 23. Bg2 Rg4 24. h3 Rxg5 25. Be4 Bc8 26. Rhg1 Rxg1 27. Rxg1 Qf6 28.
Qf4 Kg7 29. Rg5 Re8 30. Qg3 Kf8 31. fxg6 fxg6 32. Bxg6 Nxg6 33. Rxg6 Re1+ 34. Qxe1 Qxg6 35. Qa5 Qg1+ 36. Kb2 Qd4+ 37. Kb1 Bxh3 38. Qd8+ Kf7 39. Qc7+ Kg6 40. Qxd6+ Qf6 41. Qg3+ Bg4 42. d6 Kg5 43. d7 Qd4 44. Qe3+ Qxe3 45. d8=Q+ Kf4 46. Qf6+ Kg3 47.
Qxa6 Qe1+ 48. Kb2 Qe5+ 49. c3 h4 50. Qb6 Qe2+ 51. Ka3 h3 52. Qd6+ Kg2 53. Qd5+ Bf3 54. Qg5+ Kf1 55. Qc1+ Qe1 56. Qf4 Qxc3 57. Qh2 Qc5+ 58.
b4 Qe3+ 59. Kb2 Qf2+ 0-1